 Dungeon Crawl Stone Soup version 0.21.1-1-g345015f (webtiles) character file.

168 tidbits the Grave Robber (level 5, 18/37 HPs)
             Began as a Gnoll Necromancer on June 15, 2018.
             Quit the game on level 5 of the Dungeon.
             The game lasted 00:06:43 (544 turns).

tidbits the Grave Robber (Gnoll Necromancer)         Turns: 544, Time: 00:06:44

Health: 18/37      AC:  2    Str: 10    XL:     5   Next: 49%
Magic:  12/21      EV: 15    Int: 19    God:
Gold:   91         SH:  0    Dex: 15    Spells: 6/14 levels left

rFire    . . .     SeeInvis .   d - +0 dagger
rCold    . . .     Gourm    .   (no shield)
rNeg     . . .     Faith    .   a - +0 robe
rPois    .         Spirit   .   (no helmet)
rElec    .         Reflect  .   (no cloak)
rCorr    .         Harm     .   (no gloves)
MR       .....                  (no boots)
Stlth    +++.......             (no amulet)
HPRegen  0.12/turn              o - ring of magical power
MPRegen  0.17/turn              (no ring)

@: no status effects
A: distributed training, fangs 1, strong nose
a: no special abilities


You were on level 5 of the Dungeon.
You were not hungry.

You visited 2 branches of the dungeon, and saw 7 of its levels.

You collected 91 gold pieces.

Inventory:

Hand Weapons
 d - a +0 dagger (weapon)
Missiles
 j - 22 arrows
Armour
 a - a +0 robe (worn)
 g - a +0 ring mail
Jewellery
 o - a ring of magical power (left hand)
   (You found it on level 2 of the Dungeon)
Scrolls
 f - a scroll of remove curse
 h - a scroll of enchant weapon {unknown}
 i - a scroll of identify {unknown}
 l - a scroll of immolation {unknown}
 m - a scroll of teleportation {unknown}
Potions
 e - a potion of degeneration {unknown}
 k - a potion of ambrosia {unknown}
 n - a potion of cancellation {unknown}
 p - a potion of mutation {unknown}
Books
 b - a book of Necromancy

   Spells                             Type                      Level
   a - Pain                           Necromancy                   1
   b - Animate Skeleton               Necromancy                   1
   c - Vampiric Draining              Necromancy                   3
   d - Regeneration                   Charms/Necromancy            3
   e - Animate Dead                   Necromancy                   4
   f - Borgnjor's Vile Clutch         Necromancy/Earth             5
Comestibles
 c - 6 rations


   Skills:
 + Level 1.4 Fighting
 + Level 1.4 Short Blades
 + Level 1.4 Long Blades
 + Level 1.4 Axes
 + Level 1.4 Maces & Flails
 + Level 1.4 Polearms
 + Level 1.4 Staves
 + Level 1.4 Slings
 + Level 1.4 Bows
 + Level 1.4 Crossbows
 + Level 1.4 Throwing
 + Level 1.4 Armour
 + Level 4.8 Dodging
 + Level 4.4 Stealth
 + Level 1.4 Shields
 + Level 1.4 Unarmed Combat
 + Level 5.2 Spellcasting
 + Level 1.1 Conjurations
 + Level 1.1 Hexes
 + Level 1.1 Charms
 + Level 1.1 Summonings
 + Level 7.2 Necromancy
 + Level 1.1 Translocations
 + Level 1.1 Transmutations
 + Level 1.1 Fire Magic
 + Level 1.1 Ice Magic
 + Level 1.1 Air Magic
 + Level 1.1 Earth Magic
 + Level 1.1 Poison Magic
 + Level 1.6 Invocations
 + Level 1.4 Evocations


You had 6 spell levels left.
You knew the following spells:

 Your Spells              Type           Power        Failure   Level  Hunger
a - Pain                  Necr           ####         1%          1    None
d - Vampiric Draining     Necr           ####......   1%          3    ##.....
n - Animate Skeleton      Necr           N/A          1%          1    None
r - Regeneration          Chrm/Necr      ###.......   6%          3    ##.....


Dungeon Overview and Level Annotations

Branches:
Dungeon (6/15)             Temple (1/1) D:5

Altars:
Ashenzari
Dithmenos
Elyvilon
Fedhas
Hepliaklqana
Kikubaaqudgha
Makhleb
Nemelex Xobeh
Okawaru
Qazlal
Sif Muna
Trog
Uskayaw
Vehumet
Wu Jian
Xom
Yredelemnul
The Shining One

Annotations:
D:3 Jaiteiro's ghost, weakling OpFi


Innate Abilities, Weirdness & Mutations

Your experience applies equally to all skills.
You have very sharp teeth.
Your uncanny sense of smell can sniff out nearby items.


Message History

Aiming: Pain
Press: ? - help, Shift-Dir - straight line, f/p - hound
Aim: a hound (heavily wounded, chance to defeat MR: 89%)
The hound writhes in agony!
The hound closely misses you. The hound bites you.
Casting: Pain
Confirm with . or Enter, or press ? or * to list all spells.
Aiming: Pain
Press: ? - help, Shift-Dir - straight line, f/p - hound
Aim: a hound (heavily wounded, chance to defeat MR: 89%)
The hound writhes in agony!
The hound splashes around in the water.
Casting: Pain
Confirm with . or Enter, or press ? or * to list all spells.
Aiming: Pain
Press: ? - help, Shift-Dir - straight line, f/p - hound
Aim: a hound (severely wounded, chance to defeat MR: 89%)
The hound writhes in agony!
You kill the hound!
You have reached level 5!
You enter the shallow water.
Moving in this stuff is going to be slow.
The jelly quivers.
The jelly jiggles.
The jelly hits you but does no damage.
Casting: Pain
Confirm with . or Enter, or press ? or * to list all spells.
Aiming: Pain
Press: ? - help, Shift-Dir - straight line, f - jelly
Aim: a jelly (chance to defeat MR: 89%)
The jelly writhes in agony!
The jelly completely misses you.
Casting: Pain
Confirm with . or Enter, or press ? or * to list all spells.
Aiming: Pain
Press: ? - help, Shift-Dir - straight line, f/p - jelly
Aim: a jelly (moderately wounded, chance to defeat MR: 89%)
The jelly writhes in agony!
The jelly closely misses you. The quokka misses you.
Casting: Pain
Confirm with . or Enter, or press ? or * to list all spells.
Aiming: Pain
Press: ? - help, Shift-Dir - straight line, f/p - jelly
Aim: a jelly (heavily wounded, chance to defeat MR: 89%)
The jelly writhes in agony!
The quokka bites you. The jelly hits you but does no damage.
Casting: Pain
Confirm with . or Enter, or press ? or * to list all spells.
Aiming: Pain
Press: ? - help, Shift-Dir - straight line, f/p - jelly
Aim: a jelly (severely wounded, chance to defeat MR: 89%)
The jelly writhes in agony!
You kill the jelly!
The quokka bites you.
Casting: Pain
Confirm with . or Enter, or press ? or * to list all spells.
Aiming: Pain
Press: ? - help, Shift-Dir - straight line, f - quokka
Aim: a quokka (chance to defeat MR: 93%)
The quokka writhes in agony!
The quokka bites you.
* * * LOW HITPOINT WARNING * * *
Casting: Pain
Confirm with . or Enter, or press ? or * to list all spells.
Aiming: Pain
Press: ? - help, Shift-Dir - straight line, f/p - quokka
Aim: a quokka (almost dead, chance to defeat MR: 93%)
The quokka writhes in agony!
You kill the quokka!
There is a stone staircase leading down here.
You climb downwards.
A quokka comes into view.
Found 15 gold pieces.
Found a stone staircase leading up.
There is a stone staircase leading up here.
Casting: Pain
Confirm with . or Enter, or press ? or * to list all spells.
Aiming: Pain
Press: ? - help, Shift-Dir - straight line, f - quokka
Aim: a quokka (chance to defeat MR: 93%)
The quokka writhes in agony!
Casting: Pain
Confirm with . or Enter, or press ? or * to list all spells.
Aiming: Pain
Press: ? - help, Shift-Dir - straight line, f/p - quokka
Aim: a quokka (moderately wounded, chance to defeat MR: 93%)
The quokka writhes in agony!
You kill the quokka!
There is a stone staircase leading up here.
You climb upwards.
Found a scroll labeled IRCHUEZX HIANT.
There is a stone staircase leading down here.
Unknown command.
Found 17 stones.
Found a radiant altar of Vehumet.
Unknown command.
You see here a scroll labeled IRCHUEZX HIANT.
As you read the scroll labeled IRCHUEZX HIANT, it crumbles to dust.
You assume a fearsome visage.
Nothing appears to happen.
It was a scroll of fear.
As you read the scroll labeled SOPHITHYRAC, it crumbles to dust.
You feel blessed for a moment.
It was a scroll of remove curse.
Okay, then.
Are you sure you want to abandon this character and quit the game? (Confirm with "yes".)

.§. ##.§.
###########....#
.....(......#..#
#####....##..#
#....>.......###
#.####.#........
#.............
.....###.@.......
.................
.....######..####
#.. ..# + .#∆ .#
#


There were no monsters in sight!

Vanquished Creatures
  A jelly (D:5)
  A hound (D:5)
  An orc wizard (D:4)
  2 worker ants (D:4)
  A worker ant zombie (D:5)
  An adder (D:2)
  A worm (D:4)
  An orc (D:5)
  A hobgoblin (D:2)
  3 quokkas
  2 frilled lizards (D:2)
  2 rats (D:2)
17 creatures vanquished.

Notes
Turn   | Place    | Note
-------+----------+-------------------------------------------
     0 | D:1      | tidbits the Gnoll Necromancer began the quest for the Orb.
     0 | D:1      | Reached XP level 1. HP: 13/13 MP: 6/6
    28 | D:2      | Reached XP level 2. HP: 20/20 MP: 7/7
    31 | D:2      | Learned a level 1 spell: Animate Skeleton
    77 | D:3      | Noticed Jaiteiro's ghost (weakling OpFi)
   126 | D:2      | Found a faded altar of an unknown god.
   148 | D:2      | You fall through a shaft for 2 floors!
   183 | D:4      | Reached skill level 5 in Spellcasting
   183 | D:4      | Reached skill level 1 in Invocations
   183 | D:4      | Reached XP level 3. HP: 15/25 MP: 1/9
   188 | D:4      | Learned a level 3 spell: Vampiric Draining
   192 | D:4      | Learned a level 3 spell: Regeneration
   205 | D:4      | Found a burning altar of Makhleb.
   214 | D:5      | Entered Level 5 of the Dungeon
   247 | D:4      | Reached skill level 1 in Fighting
   247 | D:4      | Reached skill level 1 in Short Blades
   247 | D:4      | Reached skill level 1 in Long Blades
   247 | D:4      | Reached skill level 1 in Axes
   247 | D:4      | Reached skill level 1 in Maces & Flails
   247 | D:4      | Reached skill level 1 in Polearms
   247 | D:4      | Reached skill level 1 in Staves
   247 | D:4      | Reached skill level 1 in Slings
   247 | D:4      | Reached skill level 1 in Bows
   247 | D:4      | Reached skill level 1 in Crossbows
   247 | D:4      | Reached skill level 1 in Throwing
   247 | D:4      | Reached skill level 1 in Armour
   247 | D:4      | Reached skill level 1 in Shields
   247 | D:4      | Reached skill level 1 in Unarmed Combat
   247 | D:4      | Reached skill level 1 in Evocations
   247 | D:4      | Reached XP level 4. HP: 24/32 MP: 7/11
   314 | D:3      | Found a deep blue altar of Sif Muna.
   314 | D:3      | Found a blossoming altar of Fedhas.
   315 | D:3      | Found a shattered altar of Ashenzari.
   433 | D:5      | Reached skill level 1 in Conjurations
   433 | D:5      | Reached skill level 1 in Hexes
   433 | D:5      | Reached skill level 1 in Charms
   433 | D:5      | Reached skill level 1 in Summonings
   433 | D:5      | Reached skill level 1 in Translocations
   433 | D:5      | Reached skill level 1 in Transmutations
   433 | D:5      | Reached skill level 1 in Fire Magic
   433 | D:5      | Reached skill level 1 in Ice Magic
   433 | D:5      | Reached skill level 1 in Air Magic
   433 | D:5      | Reached skill level 1 in Earth Magic
   433 | D:5      | Reached skill level 1 in Poison Magic
   442 | D:5      | Found a staircase to the Ecumenical Temple.
   452 | Temple   | Entered the Ecumenical Temple
   514 | D:5      | Reached XP level 5. HP: 29/37 MP: 12/12
   538 | D:5      | Found a radiant altar of Vehumet.
   544 | D:5      | Quit the game

Skill      XL: |  1  2  3  4 |
---------------+-------------+-----
Spellcasting   | 5 |  5.2
Invocations    | 1 |  1.6
Fighting       | 1 |  1.4
Short Blades   | 1 |  1.4
Long Blades    | 1 |  1.4
Axes           | 1 |  1.4
Maces & Flails | 1 |  1.4
Polearms       | 1 |  1.4
Staves         | 1 |  1.4
Slings         | 1 |  1.4
Bows           | 1 |  1.4
Crossbows      | 1 |  1.4
Throwing       | 1 |  1.4
Armour         | 1 |  1.4
Shields        | 1 |  1.4
Unarmed Combat | 1 |  1.4
Evocations     | 1 |  1.4
Conjurations   | 1 |  1.1
Hexes          | 1 |  1.1
Charms         | 1 |  1.1
Summonings     | 1 |  1.1
Translocations | 1 |  1.1
Transmutations | 1 |  1.1
Fire Magic     | 1 |  1.1
Ice Magic      | 1 |  1.1
Air Magic      | 1 |  1.1
Earth Magic    | 1 |  1.1
Poison Magic   | 1 |  1.1
Dodging        | |  4.8
Stealth        | |  4.4
Necromancy     | |  7.2

Action                   |  1- 3 |  4- 6 || total
-------------------------+-------+-------++-------
Melee: Dagger            |     1 |    10 ||    11
       Bite              |       |     2 ||     2
 Cast: Pain              |    16 |    19 ||    35
       Regeneration      |       |     2 ||     2
  Use: Scroll            |       |     2 ||     2
 Stab: Sleeping          |     1 |     2 ||     3
Armor: Robe              |       |     4 ||     4
Dodge: Dodged            |     1 |    11 ||    12

Table legend:
 A = Turns spent in this place as a percentage of turns spent in the entire game.
 B = Non-inter-level travel turns spent in this place as a percentage of non-inter-level travel turns spent in the entire game.
 C = Inter-level travel turns spent in this place as a percentage of turns spent in this place.
 D = Turns resting spent in this place as a percentage of non-inter-level travel turns spent in this place.
 E = Turns spent auto-exploring this place as a percentage of non-inter-level travel turns spent in this place.
 F = Non-inter-level travel turns spent in this place divided by the number of levels of this place that you've seen.
                   A       B       C       D       E      F
               +-------+-------+-------+-------+-------+----------------------
         Total | 100.0 | 100.0 |   2.2 |   0.0 |   0.0 |  76.0
       Dungeon |  91.2 |  93.2 |   0.0 |   0.0 |   0.0 |  82.7
        Temple |   8.8 |   6.8 |  25.0 |   0.0 |   0.0 |  36.0
               +-------+-------+-------+-------+-------+----------------------

Table legend:
 A = Kills in this place as a percentage of kills in entire the game.
 B = Kills by you in this place as a percentage of kills by you in the entire game.
 C = Kills by friends in this place as a percentage of kills by friends in the entire game.
 D = Other kills in this place as a percentage of other kills in the entire game.
 E = Experience gained in this place as a percentage of experience gained in the entire game.
 F = Experience gained in this place divided by the number of levels of this place that you have seen.
                   A       B       C       D       E      F
               +-------+-------+-------+-------+-------+----------------------
         Total | 100.0 | 100.0 |   N/A |   N/A | 100.0 |  34.4
       Dungeon | 100.0 | 100.0 |   N/A |   N/A | 100.0 |  40.2
               +-------+-------+-------+-------+-------+----------------------

Vault maps used:
D:1:      saegor_arrival_simple_d, grunt_decor_resistance
D:2:      cheibriados_altar_1, chequers_ecumenical_altar_island,
          kennysheep_generic_room_15
D:3:      gammafunk_temple_overflow_claw, first_ration,
          minmay_misc_feat_columns, palyth_stone_intersect
D:4:      nicolae_overflow_hidden_temple, minivault_19,
          minmay_misc_feat_ornament
D:5:      corexii_shantytown, fiery_altar_vehumet, minmay_temple_entry_mist,
          basic_altar
D:6:      uniq_crazy_yiuf_cottage, uniq_edmund
Temple:   nicolae_temple_god_jail
